 Dungeon Crawl Stone Soup version 0.23.2-30-g0e89c35649 (webtiles) character file.

Game seed: 16115339751375782119

22614 hirly the Blocker (level 13, -3/116 HPs)
             Began as a Hill Orc Fighter on June 19, 2019.
             Was an Elder of Beogh (penitent).
             Killed from afar by an orc priest (9 damage)
             ... with an exploding inner flame
             ... created by the player character
             ... hexed by the player character
             ... on level 5 of the Lair of Beasts.
             The game lasted 01:38:58 (13556 turns).

hirly the Blocker (Hill Orc Fighter)               Turns: 13556, Time: 01:38:58

Health: -3/116     AC: 16    Str: 28    XL:     13   Next: 1%
Magic:  13/13      EV:  9    Int:  8    God:    Beogh [*]
Gold:   995        SH: 21    Dex: 11    Spells: 12/12 levels left

rFire    + . .     SeeInvis .   a - +1 war axe
rCold    + . .     Gourm    .   j - +2 shield
rNeg     . . .     Faith    .   w - +1 chain mail {rC+}
rPois    .         Spirit   .   X - +0 helmet
rElec    .         Reflect  +   u - scarf {repulsion}
rCorr    .         Harm     .   l - +0 pair of gloves
MR       .....     Clarity  +   (no boots)
Stlth    ..........             N - +5 amulet of reflection
HPRegen  0.29/turn              D - +5 ring of strength
MPRegen  0.13/turn              S - ring of protection from fire (curse)

@: repel missiles
A: blink, clarity
a: Blink, Renounce Religion


You were on level 5 of the Lair of Beasts.
You worshipped Beogh.
Beogh was demanding penance.
You were not hungry.

You visited 2 branches of the dungeon, and saw 16 of its levels.
You also visited: Ossuary.

You collected 995 gold pieces.

Inventory:

Hand Weapons
 a - a +1 war axe (weapon)
 H - the +10 executioner's axe of Piptuur {flame, rN+ Str+7 Int-4 Dex+3, unknown}
   (You acquired it on level 5 of the Lair of Beasts)

   It has been specially enchanted to burn those struck by it, causing extra
   injury to most foes and up to half again as much damage against particularly
   susceptible opponents.
   Big, fiery blades are also staple armaments of hydra-hunters.
   It affects your strength (+7).
   It affects your intelligence (-4).
   It affects your dexterity (+3).
   It protects you from negative energy.
 M - a +1 hand axe of electrocution
Missiles
 A - a throwing net (quivered)
Armour
 j - a +2 shield (worn)
 l - a +0 pair of gloves (worn)
 u - a scarf of repulsion (worn)
 w - a +1 chain mail of cold resistance (worn)
 X - a +0 helmet (worn)
Jewellery
 D - a +5 ring of strength (left hand)
 J - an uncursed ring of wizardry
 L - a +3 ring of dexterity
 N - a +5 amulet of reflection (around neck)
 P - an uncursed amulet of guardian spirit
 R - an uncursed amulet of rage
 S - a cursed ring of protection from fire (right hand)
Wands
 c - a wand of random effects (17)
 y - a wand of flame (13)
 B - a wand of paralysis (10)
 I - a wand of disintegration (11)
 K - a wand of iceblast (19)
 Q - a wand of acid (5)
Scrolls
 b - 2 scrolls of amnesia
 e - 3 scrolls of fear
 h - 2 scrolls of vulnerability
 i - 2 scrolls of blinking
 k - 5 scrolls of teleportation
 p - a scroll of random uselessness
 q - 3 scrolls of fog
 C - 6 scrolls of remove curse
 E - 3 scrolls of enchant weapon
 Y - 2 scrolls of silence
 Z - a scroll of identify
Potions
 d - 2 potions of might
 g - a potion of berserk rage {unknown}
 m - 3 potions of curing
 n - a potion of invisibility
 o - 5 potions of lignification
 r - 5 potions of agility
 s - 3 potions of haste
 t - 2 potions of heal wounds
 v - 3 potions of mutation
 x - 3 potions of flight
 F - 2 potions of ambrosia
 G - 4 potions of brilliance
 U - 2 potions of resistance
Miscellaneous
 O - a lamp of fire (inert)
 W - a crystal ball of energy
Comestibles
 f - 29 rations
 z - 12 chunks of flesh


   Skills:
 - Level 11.5 Fighting
 + Level 13.3 Axes
 - Level 11.7 Armour
 + Level 0.5 Dodging
 + Level 13.6 Shields
 - Level 1.0 Evocations


You had 12 spell levels left.
You didn't know any spells.
Your spell library contained the following spells:

 Spells                   Type           Power        Failure   Level  Hunger
 Magic Dart               Conj           #...         90%         1    ##.....
 Searing Ray              Conj           #.....       97%         2    ###....
 Dazzling Spray           Conj/Hex       #.....       99%         3    ####...
 Force Lance              Conj/Tloc      #.......     100%        4    #####..
 Fulminant Prism          Conj/Hex       #.........   100%        4    #####..
 Iskenderun's Mystic Bla  Conj           #.......     100%        4    #####..


Dungeon Overview and Level Annotations

Branches:
Dungeon (11/15)            Temple (0/1) D:5            Lair (5/6) D:8
 Shoals (0/4) Lair:2       Spider (0/4) Lair:3        Slime (0/5) Lair:5
    Orc (0/2) D:10

Altars:
Ashenzari
Cheibriados
Dithmenos
Fedhas
Gozag
Hepliaklqana
Nemelex Xobeh
Sif Muna
Uskayaw
Zin
The Shining One
Jiyva

Shops:
D:8 ?   D:9 *   D:10 (

Annotations:
D:8 3 runed translucent doors, Renjy's ghost, novice OpFE
Lair:4 exclusion: 2 oklob plants


Innate Abilities, Weirdness & Mutations

You can translocate small distances at will.
You possess an exceptional clarity of mind.


Message History

Your orc priest explodes!
The fiery explosion engulfs the nine-headed hydra!!
The nine-headed hydra explodes!
The fiery explosion engulfs your orc knight!!
Your orc knight is moderately wounded.
You feel very guilty.
You can no longer walk on water.
You can no longer give items to your followers. "You will pay for your transgression, mortal!"
The fiery explosion engulfs you! You resist.
* * * LOW HITPOINT WARNING * * *
The fiery explosion engulfs the plant.
The plant is lightly damaged.
Beogh accepts your kill.
You have reached level 13!
The fiery explosion engulfs the orc knight!!
The orc knight is severely wounded.
The fiery explosion engulfs you! You resist.
You die...
Beogh appreciates your orc priest's killing of a heretic priest.

***,##>..P.#,,,...,,*,,,,,<,*,
*##....P#*.......,,,,,,,,,,*
##.....#*,P..%..#*,,,,,,,,**
##.#..P###,P....#**#,,,,,,,,*
*####........###...#*#..,,,,*,,,*
#.##.....%....#....#...>,,,,,,,,*
.###.............%......,,*,,,,**
.#.#.#........[.........,,,,,,,,*
.....††...P...§o@§......,,**,,,**
..............§§§...$...<,*,,,,,*
.P........%...§§P§......,**,,,,,,
............#....##.....,,,,,,,,*
...........##%....,..###,,,,,,,,*
...........##......,.#**,,,,>,,,*
....................,.,**,,,*****
......P....#.......####*,,,,*
##...............,,* *,*,,,**


You could see an orc knight (inner flame).

Vanquished Creatures
  Erolcha (D:11)
  Harold (D:7)
  A hydra (Lair:5)
  An ugly thing (D:10)
  5 black mambas
  An elephant (Lair:4)
  9 spiny frogs
  A centaur skeleton (D:11)
  A torpor snail (Lair:3)
  A rime drake (Lair:2)
  2 komodo dragons
  A troll (D:9)
  Prince Ribbit (D:7)
  4 hippogriffs
  A snapping turtle (Lair:2)
  20 yaks
  A wraith (D:11)
  4 hungry ghosts (D:10)
  A steam dragon (Lair:5)
  Menkaure (D:7)
  8 water moccasins
  7 porcupines
  3 orc warriors
  A black bear (D:8)
  3 phantoms
  2 sky beasts
  8 ice beasts (Lair:3)
  3 wolves (Lair:3)
  2 ogres
  3 centaurs
  6 crocodiles
  A big kobold (D:11)
  13 bullfrogs
  A water moccasin zombie (D:7)
  2 scorpions
  2 troll zombies (D:10)
  4 crimson imps
  2 howler monkeys (D:9)
  2 bullfrog zombies (D:8)
  6 centaur zombies
  2 jellies
  10 orc wizards
  4 orc priests
  A bullfrog skeleton (D:8)
  4 hounds
  2 iguanas
  6 worker ants
  Terence (D:3)
  4 ogre zombies (D:10)
  3 big kobold zombies (Ossuary)
  2 hound skeletons
  4 mummies (Ossuary)
  A howler monkey zombie (D:6)
  A worker ant zombie (D:11)
  9 adders
  4 shadow imps
  2 oozes (D:3)
  An adder zombie (D:6)
  An adder skeleton (D:2)
  2 worms
  2 dart slugs
  8 leopard geckos
  34 orcs
  4 giant cockroaches
  9 goblins
  6 hobgoblins
  16 jackals
  A ball python (D:4)
  5 bats
  5 frilled lizards
  A goblin skeleton (D:10)
  3 goblin zombies (D:10)
  A hobgoblin skeleton (D:10)
  3 hobgoblin zombies
  12 kobolds
  A leopard gecko zombie (D:6)
  13 orc zombies (D:10)
  A quokka skeleton (D:7)
  6 rats
  2 fungi (Lair:4)
  A plant (Lair:3)
335 creatures vanquished.

Vanquished Creatures (collateral kills)
  A hydra (Lair:5)
  2 elephants (Lair:4)
  2 komodo dragons
  A spiny frog (Lair:5)
  A rime drake (Lair:4)
  A polar bear (Lair:5)
  A yak (Lair:4)
  A water moccasin (Lair:4)
  A porcupine (Lair:5)
  4 crocodiles
  2 bullfrogs (Lair:5)
  An adder skeleton (D:6)
  2 orcs (D:10)
20 creatures vanquished.

Vanquished Creatures (others)
  2 centaurs (D:11)
  2 orc priests
  2 orc wizards
  2 orcs (D:10)
  A fungus (Lair:3)
  A plant (Lair:3)
10 creatures vanquished.

Grand Total: 365 creatures vanquished

Notes
Turn   | Place    | Note
-------+----------+-------------------------------------------
     0 | D:1      | hirly the Hill Orc Fighter began the quest for the Orb.
     0 | D:1      | Reached XP level 1. HP: 19/19 MP: 1/1
    94 | D:1      | Reached XP level 2. HP: 20/27 MP: 2/2
   441 | D:1      | Reached XP level 3. HP: 32/33 MP: 3/3
   692 | D:1      | Found a shattered altar of Ashenzari.
  1117 | D:2      | Reached XP level 4. HP: 37/40 MP: 4/4
  1406 | D:3      | Reached skill level 5 in Axes
  1634 | D:3      | Reached XP level 5. HP: 41/47 MP: 5/5
  1916 | D:3      | Noticed Terence
  1921 | D:3      | Killed Terence
  2105 | D:3      | Reached XP level 6. HP: 40/55 MP: 6/6
  2306 | D:3      | Found a snail-covered altar of Cheibriados.
  2529 | D:4      | Reached skill level 5 in Fighting
  2643 | D:4      | Found a sand-covered staircase.
  2654 | Ossuary  | Entered an ossuary
  2667 | Ossuary  | Reached XP level 7. HP: 24/61 MP: 7/7
  2864 | D:4      | Became a worshipper of Beogh the Brigand
  3211 | D:5      | Entered Level 5 of the Dungeon
  3283 | D:5      | Found a glowing golden altar of the Shining One.
  3323 | D:5      | Found a blossoming altar of Fedhas.
  3350 | D:5      | Found a hazy altar of Hepliaklqana.
  3353 | D:5      | Found a shadowy altar of Dithmenos.
  3354 | D:5      | Found a deep blue altar of Sif Muna.
  3356 | D:5      | Found an opulent altar of Gozag.
  3512 | D:5      | Found a staircase to the Ecumenical Temple.
  3579 | D:5      | Found a hide-covered altar of Uskayaw.
  3995 | D:6      | Reached XP level 8. HP: 58/68 MP: 8/8
  4044 | D:6      | Reached skill level 10 in Axes
  4261 | D:6      | Found a sparkling altar of Nemelex Xobeh.
  4310 | D:6      | Found an opulent altar of Gozag.
  4478 | D:7      | Gained mutation: You can translocate small distances at
                  | will. [potion of mutation]
  4478 | D:7      | Gained mutation: You possess an exceptional clarity of
                  | mind. [potion of mutation]
  4514 | D:7      | Noticed Menkaure
  4516 | D:7      | Noticed Prince Ribbit
  4523 | D:7      | Killed Menkaure
  4523 | D:7      | Reached skill level 5 in Shields
  4539 | D:7      | Reached skill level 5 in Armour
  4698 | D:7      | Killed Prince Ribbit
  4740 | D:7      | Noticed Harold
  4768 | D:7      | Killed Harold
  4768 | D:7      | Reached XP level 9. HP: 68/74 MP: 9/9
  4788 | D:7      | Reached * piety under Beogh
  5662 | D:8      | Found Vojitz's Magic Scroll Boutique.
  5973 | D:8      | Reached ** piety under Beogh
  6386 | D:8      | Found a runed translucent gate.
  6387 | D:8      | Found a runed translucent gate.
  6388 | D:8      | Found a runed translucent gate.
  6390 | D:8      | Noticed Renjy's ghost (novice OpFE)
  6392 | D:8      | Found a viscous altar of Jiyva.
  6667 | D:8      | Reached XP level 10. HP: 81/82 MP: 10/10
  6673 | D:8      | Found a staircase to the Lair.
  6820 | D:9      | Found Zin's Purification Station.
  6822 | D:9      | Found a glowing silver altar of Zin.
  7220 | D:10     | Entered Level 10 of the Dungeon
  7220 | D:10     | Noticed a two-headed ogre
  7361 | D:10     | Found a staircase to the Orcish Mines.
  7559 | D:10     | Noticed a cyan ugly thing
  7575 | D:10     | Killed a cyan ugly thing
  7890 | D:10     | Reached *** piety under Beogh
  8270 | D:10     | Found Ruhehei's Weapon Boutique.
  8454 | D:11     | Reached skill level 10 in Shields
  8454 | D:11     | Reached XP level 11. HP: 94/94 MP: 11/11
  8585 | D:11     | Noticed Erolcha
  8591 | D:11     | Paralysed by Erolcha for 6 turns
  8614 | D:11     | Killed Erolcha
  9368 | Lair:1   | Entered Level 1 of the Lair of Beasts
  9952 | Lair:1   | Reached skill level 10 in Armour
 10220 | Lair:1   | HP: 4/97 [spiny frog (7)]
 10582 | Lair:1   | Noticed an eight-headed hydra
 11147 | Lair:2   | Reached XP level 12. HP: 87/106 MP: 12/12
 11179 | Lair:2   | Reached **** piety under Beogh
 11179 | Lair:2   | Reached skill level 10 in Fighting
 11621 | Lair:2   | Found a staircase to the Shoals.
 11685 | Lair:3   | Found a hole to the Spider Nest.
 12415 | Lair:3   | Noticed an eight-headed hydra
 12569 | Lair:3   | HP: 2/110 [12-headed hydra (7)]
 13348 | Lair:5   | Reached skill level 1 in Evocations
 13398 | Lair:5   | Reached ***** piety under Beogh
 13406 | Lair:5   | Noticed a six-headed hydra
 13416 | Lair:5   | Killed a ten-headed hydra
 13424 | Lair:5   | Found a viscous altar of Jiyva.
 13425 | Lair:5   | Found a staircase to the Slime Pits.
 13544 | Lair:5   | Noticed an eight-headed hydra
 13550 | Lair:5   | Identified a scroll of acquirement
 13551 | Lair:5   | Got an iridescent executioner's axe
 13556 | Lair:5   | Killed a nine-headed hydra
 13556 | Lair:5   | Was placed under penance by Beogh
 13556 | Lair:5   | Reached XP level 13. HP: 6/116 MP: 13/13
 13556 | Lair:5   | Killed from afar by an orc priest

Skill      XL: |  1  2  3  4  5  6  7  8  9 10 11 12 |
---------------+-------------------------------------+-----
Axes           | 3 4 5 6 8 9 12 13 | 13.3
Fighting       | 4 5 7 9 11 | 11.5
Shields        | 4 6 7 10 11 13 | 13.6
Armour         | 4 5 7 8 10 11 | 11.7
Evocations     | 1 |  1.0
Dodging        | |  0.5

Action                   |  1- 3 |  4- 6 |  7- 9 | 10-12 | 13-15 || total
-------------------------+-------+-------+-------+-------+-------++-------
Melee: War axe           |   162 |   190 |   275 |   787 |       ||  1414
       Hand axe          |       |     9 |    16 |    45 |       ||    70
Invok: Convert to Beogh  |       |       |     1 |       |       ||     1
Evoke: Wand              |       |       |       |     4 |       ||     4
       Lamp of fire      |       |       |       |     1 |       ||     1
  Use: Scroll            |       |     5 |    15 |     9 |       ||    29
       Potion            |       |       |     4 |     9 |       ||    13
  Eat: Chunk             |       |     6 |    13 |    23 |       ||    42
       Ration            |       |       |       |     2 |       ||     2
Armor: Scale mail        |    12 |       |       |       |       ||    12
       Chain mail        |    55 |   100 |    84 |   210 |       ||   449
Dodge: Dodged            |    35 |    51 |    44 |   139 |       ||   269
       Deflected         |       |       |       |     6 |       ||     6
Block: Shield            |    95 |    97 |   133 |   631 |       ||   956
       Reflection        |       |       |       |    14 |       ||    14
